 Dungeon Crawl Stone Soup version 0.18.1-50-g88ac8fd (webtiles) character file.

6148 nikopol the Spear-Bearer (level 10, -4/136 HPs)
             Began as a Minotaur Berserker on Oct 12, 2016.
             Was a High Priest of Trog.
             Slain by an 11-headed hydra (6 damage)
             ... on level 1 of the Lair of Beasts on Oct 13, 2016.
             The game lasted 00:20:05 (8347 turns).

nikopol the Spear-Bearer (Minotaur Berserker)       Turns: 8347, Time: 00:20:06

Health: -4/136     AC: 11    Str: 26    XL:     10   Next: 59%
Magic:  3/3        EV: 15    Int:  4    God:    Trog [*****.]
Gold:   321        SH:  0    Dex: 14    Spells: 0 memorised, 9 levels left

rFire  . . .     SeeInvis .     a - +3 glaive (antimagic)
rCold  . . .     Gourm    +     s - +1 ring mail {rPois}
rNeg   . . .     Faith    .     (shield currently unavailable)
rPois  +         Spirit   .     (helmet restricted)
rElec  .         Dismiss  .     y - +1 cloak
rCorr  .         Reflect  .     t - +0 pair of gloves
SustAt .         Harm     .     (no boots)
MR     .....                    H - amulet of the gourmand
Stlth  ..........               (no ring)
                                (no ring)

@: berserking, very quick, not resistant to hostile enchantments, extremely
unstealthy
A: retaliatory headbutt, horns 2
a: Berserk, Trog's Hand, Brothers in Arms, Burn Spellbooks, Renounce Religion


You were on level 1 of the Lair of Beasts.
You worshipped Trog.
Trog was extremely pleased with you.
You were very full.

You visited 2 branches of the dungeon, and saw 9 of its levels.

You collected 321 gold pieces.

Inventory:

Hand Weapons
 a - a +3 antimagic glaive (weapon)
 z - a +0 shortbow of flaming
 B - a +0 spear
 D - a +2 war axe of chopping
 E - a +2 spear of venom
 F - a +0 shortbow
 T - a +0 trident
Missiles
 d - 158 arrows (quivered)
Armour
 b - a +0 animal skin
 r - a +0 ring mail
 s - a +1 ring mail of poison resistance (worn)
 t - a +0 pair of gloves (worn)
 y - a +1 cloak (worn)
Jewellery
 H - an amulet of the gourmand (around neck)
Wands
 w - a wand of random effects (11/48)
 P - a wand of polymorph (10/24)
 S - a wand of disintegration (9/24)
Scrolls
 e - 2 scrolls of teleportation {unknown}
 h - a scroll of amnesia {unknown}
 i - 12 scrolls of remove curse {unknown}
 j - 6 scrolls of identify {unknown}
 k - 3 scrolls of blinking {unknown}
 n - a scroll of enchant armour {unknown}
 p - a scroll of noise {unknown}
 q - a scroll of fear {unknown}
 v - a scroll of random uselessness {unknown}
 G - a scroll of magic mapping {unknown}
 O - a scroll of recharging {unknown}
Potions
 f - 3 potions of heal wounds {unknown}
 g - a potion of might {unknown}
 o - a potion of brilliance {unknown}
 u - a potion of magic {unknown}
 x - a potion of beneficial mutation {unknown}
 A - 2 potions of ambrosia {unknown}
 C - 4 potions of haste
 I - a potion of flight {unknown}
 K - a potion of cure mutation {unknown}
 N - a potion of curing {unknown}
Books
 J - a book of Necromancy

   Spells                             Type                      Level
   a - Pain                           Necromancy                   1
   b - Animate Skeleton               Necromancy                   1
   c - Vampiric Draining              Necromancy                   3
   d - Regeneration                   Charms/Necromancy            3
   e - Animate Dead                   Necromancy                   4
   f - Control Undead                 Necromancy                   4
   Trog disapproves of the use of such an item.
 R - a book of Enchantments

   Spells                             Type                      Level
   a - Cause Fear                     Hexes                        4
   b - Yara's Violent Unravelling     Hexes/Transmutation          5
   c - Silence                        Hexes/Air                    5
   d - Deflect Missiles               Charms/Air                   6
   e - Haste                          Charms                       6
   f - Discord                        Hexes                        8
   Trog disapproves of the use of such an item.
Comestibles
 c - 6 bread rations
 l - 7 beef jerkies
 m - 3 meat rations
 L - 9 royal jellies
 M - a slice of pizza
 Q - 3 chunks of flesh


   Skills:
 + Level 9.2 Fighting
 * Level 10.7 Polearms
 * Level 8.0 Bows
 + Level 8.1 Armour
 + Level 7.4 Dodging


You had 9 spell levels left.
You didn't know any spells.

Dungeon Overview and Level Annotations

Branches:
Dungeon (8/15)             Temple (0/1) D:7            Lair (1/8) D:8

Altars:
Ashenzari
Cheibriados
Trog

Shops:
D:4 [   D:5 !


Innate Abilities, Weirdness & Mutations

You reflexively headbutt those who attack you in melee.
You have a pair of horns on your head.


Message History

* * * LOW HITPOINT WARNING * * *
The ten-headed hydra bites you!
* * * LOW HITPOINT WARNING * * *
The ten-headed hydra misses you.
You are too injured to fight recklessly!
You are too injured to fight recklessly!
You are too injured to fight recklessly!
You lop one of the ten-headed hydra's heads off!
The nine-headed hydra grows two more!
You slash the 11-headed hydra!
The 11-headed hydra is severely wounded.
The 11-headed hydra misses you. You furiously retaliate!
You headbutt the 11-headed hydra! The 11-headed hydra closely misses you.
The 11-headed hydra misses you. x2; The 11-headed hydra bites you.
* * * LOW HITPOINT WARNING * * *
The 11-headed hydra bites you.
* * * LOW HITPOINT WARNING * * *
The 11-headed hydra closely misses you. The 11-headed hydra bites you.
* * * LOW HITPOINT WARNING * * *
The 11-headed hydra bites you.
You die...

## #########
.#.##...##..######
..................
...(...........(..
..............(>..
.....[..††.†.$....
.......<†.@D...(..
...........((...#.
..............H##
######.##.P..#.((.
## ###.## .#H .# #
.# ..


You could see a 11-headed hydra and 2 hippogriffs.

Vanquished Creatures
  A harpy (D:8)
  An elephant (D:8)
  9 spriggans (D:7)
  A hippogriff (D:8)
  A soldier ant (D:8)
  A water moccasin (Lair:1)
  Duvessa (D:4)
  2 wasps (D:8)
  An ice beast (D:3)
  2 orc warriors
  3 ogres
  3 phantoms
  3 centaurs
  A crocodile (D:7)
  9 big kobolds
  3 giant frogs
  Dowan (D:4)
  A scorpion (D:7)
  4 wights (D:8)
  2 howler monkeys
  2 crimson imps
  2 jellies
  Crazy Yiuf (D:4)
  7 orc priests
  A giant frog skeleton (D:5)
  4 iguanas
  Natasha (D:3)
  5 orc wizards
  A worker ant (D:6)
  2 sheep (D:8)
  A hound skeleton (D:6)
  7 adders
  4 gnolls (D:6)
  8 river rats (Lair:1)
  2 shadow imps (D:6)
  3 adder zombies
  An adder skeleton (D:7)
  2 worms
  4 dart slugs
  9 giant geckos
  32 orcs
  14 bats
  7 giant cockroaches
  8 goblins
  4 hobgoblins
  6 jackals
  2 quokkas
  2 ball pythons
  5 giant newts
  18 kobolds
  5 rats
220 creatures vanquished.

Notes
Turn   | Place    | Note
--------------------------------------------------------------
     0 | D:1      | nikopol the Minotaur Berserker began the quest for the Orb.
     0 | D:1      | Reached XP level 1. HP: 19/19 MP: 0/0
   158 | D:1      | Reached XP level 2. HP: 10/27 MP: 1/1
   649 | D:1      | Reached ** piety under Trog
   649 | D:1      | Reached XP level 3. HP: 30/33 MP: 2/2
  1147 | D:2      | Reached skill level 4 in Polearms
  1326 | D:2      | Found a bloodstained altar of Trog.
  1605 | D:3      | Reached XP level 4. HP: 41/41 MP: 3/3
  1820 | D:3      | Noticed an ice beast
  1828 | D:3      | Killed an ice beast
  1828 | D:3      | Reached XP level 5. HP: 32/47 MP: 4/4
  1846 | D:3      | Found a faded altar to an unknown god.
  1873 | D:3      | Noticed Natasha
  1879 | D:3      | Killed Natasha
  1879 | D:3      | Reached *** piety under Trog
  1879 | D:3      | Reached skill level 5 in Fighting
  2380 | D:4      | Found Kazalup's Armour Boutique.
  2480 | D:4      | Noticed Duvessa
  2480 | D:4      | Noticed Dowan
  2494 | D:4      | Killed Duvessa
  2494 | D:4      | Reached skill level 5 in Polearms
  2494 | D:4      | Reached XP level 6. HP: 41/56 MP: 5/5
  2502 | D:4      | Killed Dowan
  3014 | D:4      | Noticed Crazy Yiuf
  3022 | D:4      | Killed Crazy Yiuf
  3095 | D:5      | Entered Level 5 of the Dungeon
  3199 | D:5      | Reached skill level 5 in Armour
  3199 | D:5      | Reached XP level 7. HP: 10/62 MP: 6/6
  3764 | D:5      | Found a snail-covered altar of Cheibriados.
  3805 | D:5      | Reached skill level 1 in Bows
  3815 | D:5      | Reached **** piety under Trog
  3815 | D:5      | Reached skill level 6 in Polearms
  3832 | D:5      | Reached skill level 5 in Dodging
  4080 | D:5      | Found Ilenoqel's Distillery.
  4317 | D:6      | Reached XP level 8. HP: 71/71 MP: 7/7
  4702 | D:6      | Reached skill level 7 in Polearms
  5238 | D:7      | HP: 4/109 [spriggan/enchanted rapier (4)]
  5650 | D:7      | Reached skill level 8 in Polearms
  5650 | D:7      | Reached skill level 5 in Bows
  5650 | D:7      | Reached XP level 9. HP: 71/79 MP: 8/8
  6047 | D:7      | Reached ***** piety under Trog
  6084 | D:7      | Found a shattered altar of Ashenzari.
  6117 | D:7      | Reached skill level 9 in Polearms
  6458 | D:7      | Found a shattered altar of Ashenzari.
  6468 | D:7      | Found a staircase to the Ecumenical Temple.
  7059 | D:8      | Reached XP level 10. HP: 71/90 MP: 9/9
  7435 | D:8      | Noticed an elephant
  7453 | D:8      | Killed an elephant
  7453 | D:8      | Reached skill level 10 in Polearms
  7619 | D:8      | Found a staircase to the Lair.
  7800 | D:8      | Received a gift from Trog
  7994 | D:8      | Noticed a harpy
  7998 | D:8      | Killed a harpy
  8142 | D:8      | Received a gift from Trog
  8304 | Lair:1   | Entered Level 1 of the Lair of Beasts
  8334 | Lair:1   | Noticed an eight-headed hydra
  8347 | Lair:1   | HP: 5/136 [11-headed hydra (6)]
  8347 | Lair:1   | HP: 2/136 [11-headed hydra (3)]
  8347 | Lair:1   | Slain by an 11-headed hydra

Skill      XL: |  1  2  3  4  5  6  7  8  9 10 |
---------------+-------------------------------+-----
Fighting       | 4 5 6 7 8 9 |  9.2
Polearms       | 4 5 6 8 9 10 | 10.7
Armour         | 3 4 5 6 7 8 |  8.1
Dodging        | 3 4 5 6 7 |  7.4
Bows           | 2 5 6 8 |  8.0

Action                   |  1- 3 |  4- 6 |  7- 9 | 10-12 || total
-------------------------+-------+-------+-------+-------++-------
Melee: Spear             |   113 |   123 |    21 |       ||   257
       Headbutt          |    11 |    21 |    61 |    36 ||   129
       Trident           |       |       |   292 |   128 ||   420
       War axe           |       |       |     2 |       ||     2
       Glaive            |       |       |       |    23 ||    23
 Fire: Shortbow          |       |       |   133 |    65 ||   198
Invok: Berserk           |     1 |     1 |     3 |     1 ||     6
       Burn Spellbooks   |     1 |       |       |       ||     1
 Stab: Sleeping          |     1 |       |       |       ||     1
  Eat: Chunk             |     2 |     7 |    24 |     4 ||    37
       Beef jerky        |       |       |     1 |       ||     1
Armor: Animal skin       |    11 |       |       |       ||    11
       Ring mail         |     8 |    30 |    87 |    55 ||   180
Dodge: Dodged            |    67 |    46 |   146 |   116 ||   375
